AoeStats
← Sebcol1993

Nomad

509233021Analyzed
2v2 RM · 8d ago on Sep 26, 2026· 32m 33s· 4 players
Game mode
Random Map
Map size
176×176
Population
200
Speed
Normal
Resources
Standard
Victory
Conquest
Starting age
Dark Age
Ending age
Imperial Age
RankedLock teamsTeams togetherTeam positionsShared explorationLock speedFull tech treeHidden civsTurbo modeCheats
Victory
Defeat
🇨🇴 Bulgarians · Colombia
1225
+16
🇦🇺 Vikings · Australia
1032
+18
🇦🇷 Spanish · Argentina
1163
-17
🇦🇷 Huns · Argentina
1001
-11
PECO
14:49 Feudal Age
21:25 Castle Age
20:11 Scale Mail Armor
20:47 Forging
21:23 Loom
21:34 Fletching
21:36 Double-Bit Axe
22:01 Man-at-Arms
25:11 Chain Mail Armor
24:55 Long Swordsman
26:34 Scale Barding Armor
26:26 Pikeman
RuloEstuvoAcá
4:27 Loom
13:42 Feudal Age
14:10 Double-Bit Axe
14:15 Fishing Lines
17:04 Town Watch
20:32 Castle Age
19:26 Gold Mining
19:29 Stone Mining
20:57 Forging
20:59 Scale Mail Armor
22:31 Bloodlines
22:22 Husbandry
23:16 Pikeman
23:57 Squires
25:41 Fletching
Sebcol1993
4:12 Loom
15:52 Feudal Age
16:23 Double-Bit Axe
22:07 Castle Age
20:24 Stone Mining
20:22 Horse Collar
20:44 Gold Mining
22:47 Town Watch
23:44 Gold Shaft Mining
25:00 Bow Saw
26:23 Fletching
28:42 Ballistics
28:39 Careening
30:06 Town Patrol
31:14 Bodkin Arrow
PNAL | LionelHutz
6:04 Loom
14:25 Feudal Age
16:39 Town Watch
19:01 Castle Age
17:57 Double-Bit Axe
22:23 Forging
22:23 Scale Barding Armor
22:26 Fletching
25:38 Bodkin Arrow
25:40 Horse Collar
30:19 Iron Casting
32:11 Chain Barding Armor
Connection lost

Rejoining the realm…

Still unreachable

The connection could not be restored.

Session expired

The server has moved on; the page needs a fresh start.